 Dungeon Crawl Stone Soup version 0.27-a0-1196-g3e9cee4cb2 (webtiles) character file.

Game seed: 6105505738685230044

1208 Froggeryz the Cleaver (level 8, -5/87 HPs)
             Began as a Human Berserker on May 29, 2021.
             Was an Elder of Trog.
             Killed from afar by Maggie (20 damage)
             ... with a bolt of fire
             ... on level 6 of the Dungeon.
             The game lasted 00:06:15 (7803 turns).

Froggeryz the Cleaver (Human Berserker)             Turns: 7803, Time: 00:06:16

Health: -5/87      AC:  8    Str: 19    XL:     8   Next: 74%
Magic:  8/8        EV: 10    Int:  8    God:    Trog [****..]
Gold:   226        SH:  0    Dex: 13    Spells: 7/7 levels left

rFire    . . .     SeeInvis .   e - +2 short sword (venom)
rCold    . . .     Faith    .   (no shield)
rNeg     . . .     Spirit   .   i - +0 scale mail
rPois    .         Reflect  .   (no helmet)
rElec    .         Harm     .   (no cloak)
rCorr    .         Rampage  .   n - +1 pair of gloves
Will     ++...                  (no boots)
Stlth    ..........             (no amulet)
HPRegen  1.24/turn              (no ring)
MPRegen  0.11/turn              (no ring)

@: berserking, strong-willed, regenerating, very quick
A: no striking features
a: Renounce Religion, Berserk, Trog's Hand, Brothers in Arms


You were on level 6 of the Dungeon.
You worshipped Trog.
Trog was greatly pleased with you.
You visited 1 branch of the dungeon, and saw 6 of its levels.
You also visited: Sewer.

You collected 226 gold pieces.

Inventory:

Hand Weapons
 a - a +0 hand axe
 e - a +2 short sword of venom (weapon)
 o - a +2 battleaxe of freezing
Armour
 i - a +0 scale mail (worn)
 n - a +1 pair of gloves (worn)
Scrolls
 b - 4 scrolls of identify
 c - a scroll of fear {unknown}
 f - a scroll of amnesia {unknown}
 k - 6 scrolls of teleportation
 m - a scroll of immolation {unknown}
 p - a scroll of noise {unknown}
 q - 2 scrolls of fog {unknown}
Potions
 d - a potion of haste {unknown}
 g - a potion of mutation {unknown}
 h - 2 potions of curing
 j - a potion of might {unknown}
 l - a potion of magic {unknown}
 r - 4 potions of flight {unknown}
 s - a potion of invisibility {unknown}


   Skills:
 + Level 3.0 Fighting
 * Level 10.3 Axes
 - Level 2.0 Armour
 - Level 2.0 Dodging


You had 7 spell levels left.
You didn't know any spells.
Your spell library was empty.

Dungeon Overview and Level Annotations

Branches:
Dungeon (6/15)             Temple (0/1) D:5           Sewer (visited)

Altars:
Sif Muna
Uskayaw
Zin

Shops:
D:4 :

Annotations:
D:6 Maggie


Message History

You hit Maggie.
Maggie is poisoned.
Maggie is lightly wounded.
Maggie casts a spell at you. The bolt of fire misses you.
You are too mesmerised to rage.
Your skin crawls.
You feel strong-willed.
Maggie hits you with a +5 halberd of protection!
You barely miss Maggie.
Maggie is lightly wounded.
Maggie hits you with a +5 halberd of protection.
You barely miss Maggie.
Maggie is lightly wounded.
Maggie says, "Have you seen any dragons?"
Maggie hits you with a +5 halberd of protection!
You hit Maggie but do no damage.
Maggie looks as sick as possible!
Maggie is moderately wounded.
Maggie hits you with a +5 halberd of protection.
Maggie points at you and mumbles some strange words.
The bolt of fire hits you!!
* * * LOW HITPOINT WARNING * * *
Okay, then.
Okay, then.
You hit Maggie.
Maggie looks as sick as possible!
Maggie is moderately wounded.
Maggie barely misses you.
You completely miss Maggie.
Maggie is moderately wounded.
You break out of your daze.
Maggie casts a spell.
Maggie attempts to bespell you! You resist.
A red film seems to cover your vision as you go berserk!
You feel yourself moving faster!
You feel mighty! Maggie closely misses you.
You hit Maggie.
Maggie is heavily wounded.
You hit Maggie but do no damage.
Maggie looks as sick as possible!
Maggie is heavily wounded.
Maggie gestures at you while chanting. The bolt of fire hits you!!
You die...

.......))..#≈≈≈≈≈≈≈≈≈#
...#..####.####≈#≈#≈≈##
. #.. #...≈≈≈≈≈.≈..# #.
#.....≈......# #.
#............# .
.#..###....#..# ..
...###........#
##............##
.>......@.......
........@......##
.##...........#
##.........##
#......#..# #.....##..#
#....## .# ...... #


You could see Maggie (extremely poisoned).

Vanquished Creatures
  Sigmund (D:5)
  Eustachio (D:3)
  A black bear (D:5)
  An ogre (D:5)
  A kobold brigand (D:6)
  A water moccasin skeleton (D:4)
  2 hounds
  2 orc priests
  A centaur skeleton (D:5)
  3 iguanas
  A scorpion zombie (D:5)
  A hound skeleton (D:5)
  A howler monkey skeleton (D:4)
  14 adders
  4 river rats (D:6)
  A white imp (D:5)
  3 worms
  3 dart slugs
  12 orcs
  5 endoplasms
  6 giant cockroaches
  7 goblins
  10 hobgoblins
  13 jackals
  14 kobolds
  10 quokkas
  11 ball pythons
  10 bats
  3 frilled lizards
  15 rats
158 creatures vanquished.

Notes
Turn   | Place    | Note
-------+----------+-------------------------------------------
     0 | D:1      | Froggeryz the Human Berserker began the quest for the Orb.
     0 | D:1      | Reached XP level 1. HP: 18/18 MP: 1/1
   111 | D:1      | Reached XP level 2. HP: 21/24 MP: 2/2
   530 | D:1      | Reached skill level 4 in Axes
   530 | D:1      | Reached XP level 3. HP: 24/29 MP: 3/3
   784 | D:1      | Reached ** piety under Trog
  2127 | D:2      | Reached XP level 4. HP: 29/35 MP: 4/4
  2254 | D:2      | Found a shimmering blue altar of Sif Muna.
  2676 | D:2      | Reached skill level 5 in Axes
  2789 | D:2      | Reached *** piety under Trog
  3050 | D:2      | Reached XP level 5. HP: 41/41 MP: 5/5
  3599 | D:3      | Reached skill level 6 in Axes
  3731 | D:3      | Found a glowing silver altar of Zin.
  3930 | D:3      | Reached XP level 6. HP: 47/47 MP: 6/6
  4537 | D:4      | Noticed Eustachio
  4663 | D:3      | Killed Eustachio
  4664 | D:3      | Reached skill level 7 in Axes
  4664 | D:3      | Reached XP level 7. HP: 27/52 MP: 7/7
  4990 | D:4      | Reached skill level 8 in Axes
  5332 | D:4      | Found Zuklipp's Book Shop.
  5653 | D:4      | Found a hide-covered altar of Uskayaw.
  5716 | D:5      | Entered Level 5 of the Dungeon
  5716 | D:5      | Noticed Sigmund
  5726 | D:5      | Killed Sigmund
  5842 | D:5      | Found a staircase to the Ecumenical Temple.
  5913 | D:5      | Reached XP level 8. HP: 42/58 MP: 8/8
  6033 | D:5      | Reached skill level 9 in Axes
  6130 | D:5      | Reached **** piety under Trog
  6950 | D:6      | Reached skill level 10 in Axes
  7209 | D:6      | Found a glowing drain.
  7402 | Sewer    | Entered a sewer
  7786 | D:6      | Noticed Maggie
  7803 | D:6      | Killed from afar by Maggie

Illustrated notes

Levels and vault maps discovered:
D:1:      amcnicky_arrival_wind_blow, layout_basic, serial_rivers,
          chequers_serial_rivers_marsh, chequers_serial_rivers_small_b,
          chequers_serial_rivers_micro_d, chequers_serial_rivers_room_b,
          chequers_serial_rivers_micro_b, minmay_tetromino_l2
D:2:      layout_basic, basic_altar
D:3:      layout_basic, zin_statuary
D:4:      layout_cave_pools, marbit_many_paths, serial_shops,
          nicolae_shop_behind_doors, uniq_eustachio
D:5:      layout_loops_cross, minmay_temple_entry_large_hall, uniq_sigmund
D:6:      layout_layer_cave, gammafunk_ghost_mausoleum,
          lightli_sewer_entry_pipes, uniq_maggie

Skill      XL: |  1  2  3  4  5  6  7  8 |
---------------+-------------------------+-----
Axes           | 4 5 6 7 8 10 | 10.3
Fighting       | |  3.0
Armour         | |  2.0
Dodging        | |  2.0

Action                   |  1- 3 |  4- 6 |  7- 9 || total
-------------------------+-------+-------+-------++-------
Melee: Hand axe          |   128 |       |    19 ||   147
       Short sword       |       |   151 |   275 ||   426
Invok: Berserk           |       |       |     2 ||     2
       Trog's Hand       |       |       |     2 ||     2
  Use: Scroll            |       |       |     1 ||     1
       Potion            |       |       |     1 ||     1
 Stab: Sleeping          |     4 |       |       ||     4
Armor: Animal skin       |    20 |     5 |       ||    25
       Scale mail        |       |    45 |   149 ||   194
Dodge: Dodged            |    80 |   108 |   166 ||   354

Table legend: (Time is in decaauts)
 A = Elapsed time spent in this place.
 B = Non-inter-level travel time spent in this place.
 C = Inter-level travel time spent in this place.
 D = Time resting spent in this place.
 E = Time spent auto-exploring this place.
 F = Levels seen in this place.
 G = Mean time per level.
                   A        B        C        D        E       F      G
               +--------+--------+--------+--------+--------+-----+--------+
         Total |   7996 |   7842 |    154 |   1396 |   5287 |   7 | 1142.3 |
       Dungeon |   7566 |   7412 |    154 |   1396 |   4964 |   6 | 1261.0 |
         Sewer |    430 |    430 |      0 |      0 |    323 |   1 |  430.0 |
               +--------+--------+--------+--------+--------+-----+--------+

Top non-repeatable levels by time:
     D:1: 2137 daAuts
     D:3: 1496 daAuts
     D:2: 1201 daAuts
     D:5: 1185 daAuts
     D:4: 956 daAuts
     D:6: 588 daAuts
   Sewer: 430 daAuts
